 Dungeon Crawl Stone Soup version 0.26.1-13-g052cdd8df3 (webtiles) character file.

Game seed: 11535717135977038288

977 BeavisTheGrey the Ruffian (level 7, -2/66 HPs)
             Began as a Troll Warper on Feb 7, 2022.
             Was an Initiate of Wu Jian.
             Slain by an ogre
             ... wielding a +0 giant club
              (21 damage)
             ... on level 6 of the Dungeon.
             The game lasted 00:34:25 (5354 turns).

BeavisTheGrey the Ruffian (Troll Warper)            Turns: 5354, Time: 00:34:26

Health: -2/66      AC:  6    Str: 21    XL:     7   Next: 95%
Magic:  8/8        EV: 11    Int:  9    God:    Wu Jian [......]
Gold:   205        SH:  0    Dex: 10    Spells: 6/8 levels left

rFire    . . .     SeeInvis .     - Unarmed
rCold    . . .     Faith    .   (no shield)
rNeg     . . .     Spirit   .   a - +0 robe
rPois    .         Reflect  .   (helmet restricted)
rElec    .         Harm     .   (no cloak)
rCorr    .         Rampage  .   (gloves unavailable)
Will     .....                  (boots unavailable)
Stlth    +.........             (no amulet)
HPRegen  0.61/turn              (no ring)
MPRegen  0.11/turn              (no ring)

@: no status effects
A: large, unfitting armour, claws 3, regeneration 1, shaggy fur 1, tough skin 3
a: Renounce Religion


You were on level 6 of the Dungeon.
You worshipped Wu Jian.
Wu Jian was noncommittal.
You visited 2 branches of the dungeon, and saw 7 of its levels.

You collected 305 gold pieces.
You spent 100 gold pieces at shops.

Inventory:

Hand Weapons
 F - a +1 spear of pain
Missiles
 d - 2 boomerangs of dispersal (quivered)
 x - 4 boomerangs
Armour
 a - a +0 robe (worn)
Jewellery
 D - an uncursed amulet of faith {unknown}
Wands
 q - a wand of disintegration (12)
 s - a wand of flame (16)
 y - a wand of paralysis (8)
 E - a wand of random effects (20)
Scrolls
 b - a scroll of random uselessness {unknown}
 c - 2 scrolls of blinking
 f - 2 scrolls of noise {unknown}
 g - 3 scrolls of identify {unknown}
 j - a scroll of fog {unknown}
 k - 4 scrolls of teleportation
 l - a scroll of enchant armour {unknown}
 m - 2 scrolls of magic mapping
 n - a scroll of immolation {unknown}
 o - 5 scrolls of remove curse
 v - a scroll of enchant weapon {unknown}
 A - a scroll of fear {unknown}
Potions
 e - 3 potions of curing {unknown}
 h - a potion of invisibility {unknown}
 i - a potion of flight {unknown}
 p - 2 potions of brilliance {unknown}
 r - 2 potions of might
 t - 3 potions of lignification {unknown}
 u - 2 potions of berserk rage {unknown}
 w - 2 potions of degeneration {unknown}
 z - a potion of haste {unknown}
 B - a potion of attraction {unknown}
 C - a potion of mutation {unknown}


   Skills:
 + Level 2.6 Fighting
 + Level 1.0 Throwing
 + Level 4.5 Dodging
 + Level 1.3 Stealth
 + Level 6.5 Unarmed Combat
 + Level 1.3 Spellcasting
 + Level 2.6 Translocations
 + Level 0.4 Evocations


You had 6 spell levels left.
You knew the following spells:

 Your Spells              Type           Power        Failure   Level
a - Blink                 Tloc           N/A          19%         2

Your spell library contained the following spells:

 Spells                   Type           Power        Failure   Level
 Gell's Gravitas          Tloc           2%           36%         3
 Lesser Beckoning         Tloc           2%           36%         3
 Teleport Other           Tloc           5%           36%         3
 Passage of Golubria      Tloc           N/A          77%         4


Dungeon Overview and Level Annotations

Branches:
Dungeon (6/15)             Temple (1/1) D:4

Altars:
Ashenzari
Cheibriados
Dithmenos
Elyvilon
Fedhas
Gozag
Kikubaaqudgha
Makhleb
Okawaru
Qazlal
Sif Muna
Uskayaw
Wu Jian
Xom
Yredelemnul
Zin
The Shining One

Shops:
D:5 *


Innate Abilities, Weirdness & Mutations

You are too large for most types of armour.
You have claws for hands.
Your natural rate of healing is unusually fast.
You are covered in fur. (AC +1)
You have extremely tough skin. (AC +3)


Message History

The vampire barely misses you. x2
You scratch the vampire.
The vampire is heavily damaged.
The vampire hits you. The vampire closely misses you.
The ogre hits you with a +0 giant club.
You claw the vampire!
The vampire is severely damaged.
The vampire hits you but does no damage.
The vampire bites you.
The vampire draws strength from your injuries!
You claw the vampire!
The vampire is almost destroyed.
The ogre closely misses you.
The vampire is infused with unholy energy.
* * * LOW HITPOINT WARNING * * *
The vampire draws life force from you and is healed!
You claw the vampire!
The vampire is almost destroyed.
The ogre hits you with a +0 giant club!!
You die...

#.....#
#<###.#
#.....#
#.##### # #)#
#.#.#
####.#.#####.#
+.....>O......
####.#@#####.#
#.#V# # #.#
#.# #.# #.#
#.# #.#


You could see a vampire and an ogre.

Vanquished Creatures
  Sigmund (D:5)
  A wraith (D:5)
  An ice beast (D:5)
  A phantom (D:5)
  A centaur (D:5)
  Dowan (D:5)
  A scorpion (D:4)
  A howler monkey (D:5)
  2 bullfrog skeletons
  An orc priest (D:4)
  2 orc wizards (D:5)
  2 worker ants (D:5)
  7 adders
  A white imp (D:5)
  An adder zombie (D:5)
  2 worms
  4 dart slugs
  2 leopard geckos
  10 orcs
  11 bats
  4 giant cockroaches
  11 goblins
  9 hobgoblins
  A quokka (D:5)
  A ball python (D:1)
  6 frilled lizards
  5 kobolds
  A quokka skeleton (D:5)
  3 rats
94 creatures vanquished.

Vanquished Creatures (others)
  Duvessa (D:5)
1 creature vanquished.

Grand Total: 95 creatures vanquished

Notes
Turn   | Place    | Note
-------+----------+-------------------------------------------
     0 | D:1      | BeavisTheGrey the Troll Warper began the quest for the Orb.
     0 | D:1      | Reached XP level 1. HP: 19/19 MP: 1/1
   125 | D:1      | Reached XP level 2. HP: 28/28 MP: 3/3
   830 | D:1      | Learned a level 2 spell: Blink
  1009 | D:2      | Reached XP level 3. HP: 34/35 MP: 4/4
  1309 | D:2      | Reached XP level 4. HP: 32/42 MP: 5/5
  1614 | D:2      | Reached skill level 3 in Unarmed Combat
  2447 | D:3      | Found a shimmering altar of Xom.
  2587 | D:3      | Reached XP level 5. HP: 42/49 MP: 6/6
  3281 | D:4      | Found a staircase to the Ecumenical Temple.
  3295 | Temple   | Entered the Ecumenical Temple
  3388 | Temple   | Became a worshipper of Yredelemnul the Dark
  3579 | D:4      | Reached skill level 4 in Unarmed Combat
  3744 | D:4      | Found a glowing golden altar of the Shining One.
  3756 | D:4      | Found an ornate altar of the Wu Jian Council.
  4071 | D:4      | Fell from the grace of Yredelemnul
  4071 | D:4      | Became a worshipper of the Wu Jian Council
  4158 | D:5      | Entered Level 5 of the Dungeon
  4158 | D:5      | Noticed Sigmund
  4172 | D:5      | Killed Sigmund
  4173 | D:5      | Reached XP level 6. HP: 42/57 MP: 7/7
  4393 | D:5      | Found Wucsel's Assorted Antiques.
  4408 | D:5      | Bought a brass wand for 100 gold pieces
  4485 | D:5      | Noticed Dowan
  4485 | D:5      | Noticed Duvessa
  4497 | D:5      | Killed Duvessa
  4498 | D:5      | Reached skill level 5 in Unarmed Combat
  4498 | D:5      | Reached XP level 7. HP: 35/66 MP: 8/8
  4506 | D:5      | Killed Dowan
  4507 | D:5      | Reached skill level 1 in Stealth
  4915 | D:5      | Reached skill level 6 in Unarmed Combat
  4926 | D:5      | Reached skill level 1 in Throwing
  5279 | D:5      | Noticed a wraith
  5286 | D:5      | Killed a wraith
  5346 | D:6      | Noticed a vampire
  5354 | D:6      | Slain by an ogre

Illustrated notes

Levels and vault maps discovered:
D:1:      dpeg_arrival_radiant, layout_basic, minmay_pentomino_q4
D:2:      layout_basic
D:3:      layout_loops_ring, lemuel_round_altar
D:4:      layout_rooms, minitemple, minmay_temple_entry_mini_moons
D:5:      layout_basic, serial_shops, shop, uniq_duvessa, uniq_sigmund
D:6:      layout_basic, portal_sewer_entry_b, nicolae_ossuary_entry_catacombs
Temple:   eino_temple_water

Skill      XL: |  1  2  3  4  5  6  7 |
---------------+----------------------+-----
Dodging        | 2 3 4 |  4.5
Fighting       | 2 |  2.6
Unarmed Combat | 3 4 5 6 |  6.5
Stealth        | 1 |  1.3
Throwing       | 1 |  1.0
Spellcasting   | |  1.3
Translocations | |  2.6
Evocations     | |  0.4

Action                   |  1- 3 |  4- 6 |  7- 9 || total
-------------------------+-------+-------+-------++-------
Melee: Unarmed           |    92 |   162 |    78 ||   332
       Punch             |     1 |     2 |     2 ||     5
Throw: Boomerang         |       |       |     3 ||     3
Invok: Lunge             |       |     1 |     7 ||     8
Evoke: Wand              |       |     3 |     2 ||     5
  Use: Scroll            |       |     2 |     1 ||     3
 Stab: Sleeping          |       |     1 |       ||     1
Armor: Robe              |    77 |    98 |    12 ||   187
Dodge: Dodged            |   114 |   129 |    38 ||   281
